Map: Amphion LE

Players

eonblu

  • Race: Zerg Zerg
  • Spawn Location: 11:00

LiquidClem (Clem) - Winner!

  • Race: Terran Terran
  • League: Grandmaster
  • Spawn Location: 7:00

Event: HomeStory Cup XXV

VOD

Have the link to the VOD?

Description

Time

  • Played on: June 21, 2024, 8:55 a.m.
  • Length: 5:04

All games in this series

Show
View Real Time Build Order
Export as new Build Order

eonblu Zerg 

Build Orders: Hatch First 

Get SALT Encoding   

  12  0:00  Drone  
  13  0:12  Overlord  
  13  0:17  Drone  
  14  0:32  Drone x2  
  16  0:49  Hatchery  
  15  0:52  Drone  
  15  0:56  Drone  
  17  1:07  Extractor  
  16  1:12  Spawning Pool  
  16  1:15  Drone  
  16  1:19  Drone  
  16  1:22  Drone  
  18  1:29  Drone  
  19  1:39  Overlord  
  19  1:59  Zergling x2, Queen  
  19  2:00  Zergling x2  
  23  2:02  Queen  
  23  2:05  Zergling x2  
  26  2:11  Metabolic Boost  
  26  2:16  Drone  
  26  2:22  Drone x2  
  29  2:26  Drone  
  29  2:37  Queen  
  30  2:45  Drone x2  
  32  2:54  Overlord  
  32  3:03  Drone  
  32  3:04  Roach Warren  
  32  3:05  Drone  
  32  3:11  Drone  
  33  3:16  Drone  
  34  3:20  Overlord  
  34  3:21  Overlord  
  33  3:46  Roach x6  
  45  3:50  Zergling x6  
  43  4:04  Zergling x8  
  45  4:11  Zergling x4  
  47  4:19  Zergling x2  
  47  4:28  Zergling x6  
  47  4:29  Zergling x2  
  51  4:44  Zergling x2  
  51  4:45  Zergling x2  
Show
View Real Time Build Order
Export as new Build Order

LiquidClem Terran - Winner!

Build Orders: Reaper Expand, Hellion Banshee 

Get SALT Encoding   

  12  0:00  SCV  
  13  0:12  SCV  
  14  0:17  Supply Depot  
  14  0:24  SCV  
  15  0:39  SCV  
  15  0:40  Barracks  
  16  0:44  Refinery  
  16  0:51  SCV  
  17  1:03  SCV  
  18  1:15  SCV  
  19  1:27  Reaper  
  19  1:28  Orbital Command  
  20  1:41  Command Center  
  20  1:49  Supply Depot  
  20  1:54  SCV  
  21  1:59  Marine  
  22  2:06  SCV  
  23  2:17  Factory  
  23  2:18  SCV  
  23  2:21  Barracks Reactor  
  24  2:30  SCV  
  25  2:42  SCV  
  26  2:46  Command Center  
  26  2:54  Orbital Command, SCV  
  27  3:06  Hellion x2  
  27  3:08  SCV  
  32  3:20  Starport  
  32  3:22  SCV, Refinery  
  32  3:23  SCV  
  34  3:29  Hellion  
  34  3:31  Hellion  
  38  3:34  SCV  
  38  3:35  SCV  
  40  3:42  Barracks Tech Lab  
  40  3:46  SCV  
  40  3:47  SCV  
  41  3:53  Hellion  
  43  3:57  Hellion  
  43  3:59  SCV  
  47  4:04  SCV  
  47  4:05  Orbital Command  
  47  4:08  Banshee  
  48  4:11  SCV, Marine, Bunker  
  48  4:16  Hellion  
  52  4:19  Hellion  
  52  4:21  SCV  
  52  4:23  SCV  
  54  4:27  Supply Depot  
  54  4:31  Barracks Tech Lab  
  54  4:33  SCV x2  
  54  4:35  SCV  
  56  4:45  SCV  
  57  4:46  SCV  
  57  4:49  SCV  
Tags
 
Add a new tag
Caveats
  • Supply blocks, unpowered buildings, or Contaminate may cause inaccurate times.
  • Supply counts are checked every 10 seconds.